 Dungeon Crawl Stone Soup version 0.27-a0-1513-g2aaa0cc67b (webtiles) character file.

Game seed: 17367547117290703372

5177 nyamberluvr69 the Carver (level 10, -6/79 HPs)
             Began as an Octopode Berserker on July 9, 2021.
             Was an Elder of Trog.
             Mangled by a sixfirhy (13 damage)
             ... summoned by a kobold demonologist
             ... on level 8 of the Dungeon.
             The game lasted 00:17:05 (9822 turns).

nyamberluvr69 the Carver (Octopode Berserker)       Turns: 9822, Time: 00:17:05

Health: -6/79      AC:  1    Str: 16      XL:     10   Next: 60%
Magic:  10/10      EV: 21    Int:  9      God:    Trog [****..]
Gold:   424        SH:  0    Dex: 12 (14) Spells: 9/9 levels left

rFire    . . .     SeeInvis +   F - +5 long sword
rCold    . . .     Faith    .   (no shield)
rNeg     . . .     Spirit   .   (helmet restricted)
rPois    .         Reflect  .   f - amulet of magic regeneration
rElec    .         Harm     .   c - +4 ring of evasion
rCorr    .         Rampage  .   g - ring of willpower
Will     ++...                  t - ring of flight
Stlth    ++........             z - +4 ring of evasion
HPRegen  0.23/turn              D - ring of see invisible
MPRegen  0.37/turn              E - ring of willpower
                                (no ring)
                                (no ring)

@: flying
A: almost no armour, amphibious, 8 rings, camouflage 1, gelatinous body 1,
(nimble swimmer 1), tentacles, dopey 1
a: Renounce Religion, Berserk, Trog's Hand, Brothers in Arms


You were on level 8 of the Dungeon.
You worshipped Trog.
Trog was greatly pleased with you.
You visited 1 branch of the dungeon, and saw 8 of its levels.
You also visited: Sewer.

You collected 444 gold pieces.
You spent 20 gold pieces at shops.

Inventory:

Hand Weapons
 F - a +5 long sword (weapon)
 G - a +0 scimitar of flaming
Missiles
 j - a curare-tipped dart (quivered)
 l - a throwing net
Armour
 w - a +0 tower shield
Jewellery
 c - a +4 ring of evasion (left tentacle)
 f - an amulet of magic regeneration (around mantle)
 g - a ring of willpower (right tentacle)
 t - a ring of flight (on tentacle)
 z - a +4 ring of evasion (on tentacle)
 A - a ring of fire
 D - a ring of see invisible (on tentacle)
 E - a ring of willpower (on tentacle)
 H - the ring "Ummathyl" {rCorr MP+9 Str+3 Dex-5 SInv}
   (You found it on level 8 of the Dungeon)

   [ring of magical power]

   Str:       It affects your strength (+3).
   Dex:       It affects your dexterity (-5).
   MP:        It affects your magic capacity (+9).
   SInv:      It lets you see invisible.
   rCorr:     It protects you from acid and corrosion.
Wands
 a - a wand of flame (16)
 q - a wand of charming (10)
 u - a wand of digging (3)
 y - a wand of paralysis (12)
Scrolls
 h - 2 scrolls of fog
 m - a scroll of vulnerability
 r - a scroll of holy word {unknown}
 s - a scroll of enchant armour {unknown}
 x - 3 scrolls of enchant weapon
 C - a scroll of acquirement {unknown}
Potions
 b - 4 potions of might
 d - 6 potions of curing
 e - 5 potions of flight
 i - a potion of invisibility {unknown}
 k - 3 potions of heal wounds
 o - 2 potions of haste
 p - 3 potions of magic {unknown}
 v - a potion of mutation {unknown}
 B - a potion of lignification {unknown}


   Skills:
 + Level 11.2 Fighting
 + Level 11.2 Long Blades
 - Level 3.0 Dodging


You had 9 spell levels left.
You didn't know any spells.
Your spell library was empty.

Dungeon Overview and Level Annotations

Branches:
Dungeon (8/15)             Temple (0/1) D:7            Lair (0/6) D:8
  Sewer (visited)

Altars:
Ru
Uskayaw
Wu Jian

Shops:
D:2 *   D:6 (


Innate Abilities, Weirdness & Mutations

You cannot wear most types of armour.
You are amphibious.
You can wear up to eight rings at the same time.
Your skin changes colour to match your surroundings (Stealth+).
Your rubbery body absorbs attacks. (AC +1, EV +1)
((You are camouflaged near water. (Stealth+)))
You have tentacles for arms and can constrict up to eight enemies at once.
You are dopey. (Int -2)


Message History

You constrict the kobold demonologist.
You feel sick.
The kobold demonologist struggles to escape constriction.
The neqoxec hits you!
You slash the kobold demonologist!
The kobold demonologist is moderately wounded.
You constrict the kobold demonologist.
You feel sick.
The kobold demonologist struggles to escape constriction.
The neqoxec completely misses you.
The kobold demonologist hits you with a +0 dagger.
The neqoxec gestures at you.
Something tries to feed on your intellect!
You release your grip on the kobold demonologist.
You feel sick.
You are no longer poisoned.
The kobold demonologist completely misses you.
The neqoxec gestures at you.
Strange energies course through your body.
You feel stupid.
The kobold demonologist mumbles some strange words.
You feel yourself speed up.
The kobold demonologist completely misses you.
You riposte.
You hit the kobold demonologist but do no damage.
You grab the kobold demonologist.
The kobold demonologist is moderately wounded.
You release your grip on the kobold demonologist.
The kobold demonologist casts a spell.
The kobold demonologist mumbles some strange words.
The kobold demonologist mumbles some strange words.
The sixfirhy barely misses you.
Your hearing returns.
The sixfirhy hits you! The sixfirhy shocks you! The sixfirhy barely misses you.
The sixfirhy hits you!
* * * LOW HITPOINT WARNING * * *
The sixfirhy shocks you!
* * * LOW HITPOINT WARNING * * *
The sixfirhy closely misses you.
The kobold demonologist casts a spell.
The sixfirhy hits you!
You die...

#....>......#
#......##
#...##...#.## #..<...#
###.##...#.# #..[...#
#......#.####.(....#
####...............#
######.#..###..#.....#
#.......>............#
#.####....###..3.....#
..# #.#..##..##@....#
.## #.#.....###.<####
.# #.#.3K3.###..## ##
#....#...###..###
####.#.####........###
##....#.>#
#..##..#...#
##..##.##.#
##..#..#...#
...###.##3#
##....#...# .###
#.##K# ###..#...#


You could see a sixfirhy (summoned).

Vanquished Creatures
  Erica (D:8)
  Joseph (D:8)
  2 kobold demonologists
  A wraith (D:7)
  Sigmund (D:2)
  2 steam dragons
  A water moccasin (D:5)
  3 black bears
  3 orc warriors
  An ogre (D:6)
  A centaur (D:4)
  A phantom (D:6)
  5 bullfrogs
  A gnoll sergeant (D:4)
  2 kobold brigands
  A wyvern zombie (D:7)
  A water moccasin skeleton (D:5)
  3 howler monkeys
  3 wights (D:7)
  A bullfrog zombie (D:6)
  9 hounds
  2 jellies
  3 centaur zombies (D:8)
  Crazy Yiuf (D:4)
  6 orc priests
  2 centaur skeletons
  Ijyb (D:4)
  4 iguanas
  Terence (D:2)
  6 orc wizards
  A killer bee zombie (D:5)
  A howler monkey skeleton (D:6)
  7 gnolls
  8 adders
  A shadow imp (D:7)
  A white imp (D:3)
  2 worms (D:3)
  A dart slug (D:1)
  28 orcs
  9 ball pythons
  8 endoplasms
  3 giant cockroaches
  2 goblins
  6 hobgoblins
  17 jackals
  6 quokkas
  4 bats
  5 frilled lizards
  14 kobolds
  6 rats
200 creatures vanquished.

Vanquished Creatures (others)
  15 fungi (D:4)
15 creatures vanquished.

Grand Total: 215 creatures vanquished

Notes
Turn   | Place    | Note
-------+----------+-------------------------------------------
     0 | D:1      | nyamberluvr69 the Octopode Berserker began the quest for
                  | the Orb.
     0 | D:1      | Reached XP level 1. HP: 16/16 MP: 1/1
   107 | D:1      | Found a faded altar of an unknown god.
   119 | D:1      | Reached XP level 2. HP: 21/21 MP: 2/2
   534 | D:1      | Reached XP level 3. HP: 23/26 MP: 3/3
  1226 | D:2      | Reached ** piety under Trog
  1254 | D:2      | Noticed Terence
  1262 | D:2      | Killed Terence
  1263 | D:2      | Reached XP level 4. HP: 33/33 MP: 4/4
  1272 | D:2      | Noticed Sigmund
  1277 | D:2      | Killed Sigmund
  1278 | D:2      | Reached skill level 5 in Fighting
  1278 | D:2      | Reached skill level 5 in Long Blades
  1278 | D:2      | Reached XP level 5. HP: 39/39 MP: 5/5
  1278 | D:2      | Reached XP level 6. HP: 45/45 MP: 6/6
  1841 | D:2      | Found Cibbast's General Store.
  1849 | D:2      | Bought a scroll of identify for 20 gold pieces
  1953 | D:3      | Found an ornate altar of the Wu Jian Council.
  2078 | D:3      | Found a glowing drain.
  2106 | Sewer    | Entered a sewer
  2239 | Sewer    | Found a white marble altar of Elyvilon.
  2522 | D:3      | Reached *** piety under Trog
  2523 | D:3      | Reached XP level 7. HP: 51/51 MP: 7/7
  3324 | D:4      | Noticed a +0 short sword
  3324 | D:4      | Noticed a +0 falchion
  3325 | D:4      | Noticed a +0 dagger
  3325 | D:4      | Noticed a +0 falchion
  3326 | D:4      | Noticed a +0 dagger
  3327 | D:4      | Noticed a +0 spear
  3327 | D:4      | Noticed a +0 short sword
  3328 | D:4      | Noticed a +0 spear
  3335 | D:4      | Found a hide-covered altar of Uskayaw.
  3815 | D:4      | Identified the +2 quarterstaff of Fate {protect, rC+ Dex+4}
  4123 | D:4      | Found a runed translucent door.
  4124 | D:4      | Noticed Crazy Yiuf
  4132 | D:4      | Killed Crazy Yiuf
  4280 | D:4      | Noticed Ijyb
  4292 | D:4      | Killed Ijyb
  4397 | D:4      | Reached XP level 8. HP: 56/58 MP: 8/8
  4517 | D:5      | Entered Level 5 of the Dungeon
  4883 | D:5      | Reached **** piety under Trog
  5837 | D:6      | Found Qutupnao's Antique Weapon Emporium.
  5875 | D:6      | Reached XP level 9. HP: 65/67 MP: 9/9
  7011 | D:7      | Found a staircase to the Ecumenical Temple.
  7840 | D:7      | Identified the +1 mace of Terror {freeze, rF+ Int+2 Dex-5}
  8030 | D:7      | Reached skill level 10 in Fighting
  8030 | D:7      | Reached skill level 10 in Long Blades
  8258 | D:8      | Noticed a kobold demonologist
  8258 | D:8      | Noticed a kobold demonologist
  8513 | D:8      | Noticed Joseph
  8627 | D:8      | Killed Joseph
  8628 | D:8      | Reached XP level 10. HP: 46/77 MP: 10/10
  8891 | D:8      | Found a staircase to the Lair.
  8941 | D:8      | Noticed Erica
  8963 | D:8      | Killed Erica
  9041 | D:8      | Identified the ring "Ummathyl" {rCorr MP+9 Str+3 Dex-5
                  | SInv}
  9048 | D:8      | Found a sacrificial altar of Ru.
  9354 | D:8      | Noticed a kobold demonologist
  9376 | D:8      | Killed a kobold demonologist
  9613 | D:8      | Noticed a kobold demonologist
  9624 | D:7      | Killed a kobold demonologist
  9802 | D:8      | Gained mutation: You are dopey. (Int -2) [a neqoxec]
  9815 | D:8      | Noticed a sixfirhy
  9822 | D:8      | Noticed a soul eater
  9822 | D:8      | Mangled by a sixfirhy

Illustrated notes

Levels and vault maps discovered:
D:1:      dpeg_arrival_rooms_with_view, layout_loops_ring,
          hellmonk_ecumenical_altar_run_dry
D:2:      layout_basic, serial_shops, nicolae_shop_behind_doors, uniq_sigmund,
          uniq_terence
D:3:      layout_basic, nicolae_wu_jian_immortal_techniques,
          cheibrodos_sewer_entry_drain, minmay_misc_feat_tower,
          minmay_misc_feat_rows, minivault_26
D:4:      layout_basic, nicolae_uskayaw_en_pointe, serial_aquarium,
          aquarium_bridge_straight [aquarium_subvault_bridge,
          aquarium_subvault_wall, aquarium_subvault_bridge,
          aquarium_subvault_window], aquarium_bridge_long_joined
          [aquarium_subvault_window, aquarium_subvault_balcony,
          aquarium_subvault_window, aquarium_subvault_window,
          aquarium_subvault_bridge, aquarium_subvault_bridge],
          aquarium_window_1, aquarium_window_2, aquarium_window_fake,
          aquarium_view_2d, aquarium_view_2d, aquarium_balcony_5b,
          minmay_diced_spiral, uniq_crazy_yiuf_cottage, uniq_ijyb
D:5:      layout_gridville
D:6:      layout_cave_pods, serial_shops, shop_coins
D:7:      layout_basic, nicolae_overflow_hidden_temple, temple_doors_e
D:8:      layout_rooms, mainiacjoe_overflow_chevrons, lair_entry_dummy,
          uniq_joseph, uniq_erica

Skill      XL: |  1  2  3  4  5  6  7  8  9 10 |
---------------+-------------------------------+-----
Fighting       | 4 5 6 8 10 11 | 11.2
Long Blades    | 4 5 6 8 10 11 | 11.2
Dodging        | |  3.0

Action                   |  1- 3 |  4- 6 |  7- 9 | 10-12 || total
-------------------------+-------+-------+-------+-------++-------
Melee: Falchion          |    59 |    68 |   180 |       ||   307
       Constrict         |    16 |    26 |    72 |     9 ||   123
       Tentacles         |    12 |    22 |    75 |    11 ||   120
       Long sword        |       |       |    69 |    40 ||   109
Invok: Berserk           |       |     3 |    13 |     4 ||    20
       Trog's Hand       |       |       |     2 |       ||     2
Evoke: Wand              |       |       |     4 |       ||     4
  Use: Scroll            |       |     2 |     7 |     1 ||    10
 Stab: Sleeping          |     4 |     5 |    12 |       ||    21
Armor: Skin              |     6 |     4 |     5 |     4 ||    19
Dodge: Dodged            |    41 |    68 |   184 |    66 ||   359
       Rpst.: Falchion   |    11 |    28 |    33 |       ||    72
       Long sword        |       |       |     9 |    10 ||    19

Table legend: (Time is in decaauts)
 A = Elapsed time spent in this place.
 B = Non-inter-level travel time spent in this place.
 C = Inter-level travel time spent in this place.
 D = Time resting spent in this place.
 E = Time spent auto-exploring this place.
 F = Levels seen in this place.
 G = Mean time per level.
                   A        B        C        D        E       F      G
               +--------+--------+--------+--------+--------+-----+--------+
         Total |  10011 |   9714 |    297 |   2848 |   5347 |   9 | 1112.3 |
       Dungeon |   9834 |   9537 |    297 |   2819 |   5274 |   8 | 1229.2 |
         Sewer |    177 |    177 |      0 |     29 |     73 |   1 |  177.0 |
               +--------+--------+--------+--------+--------+-----+--------+

Top non-repeatable levels by time:
     D:7: 1720 daAuts
     D:3: 1517 daAuts
     D:8: 1343 daAuts
     D:5: 1225 daAuts
     D:6: 1136 daAuts
     D:4: 976 daAuts
     D:1: 975 daAuts
     D:2: 937 daAuts
   Sewer: 177 daAuts
